 Dungeon Crawl Stone Soup version 0.28-a0-653-g7e9dba17c3 (webtiles) character file.

Game seed: 2732003801428005858

3997 lawman0 the Cleaver (level 10, -6/82 HPs)
             Began as a Palentonga Berserker on Oct 11, 2021.
             Was an Elder of Trog.
             Mangled by a boulder beetle (17 damage)
             ... on level 8 of the Dungeon.
             The game lasted 00:12:10 (8810 turns).

lawman0 the Cleaver (Palentonga Berserker)          Turns: 8810, Time: 00:12:10

Health: -6/82      AC: 19    Str: 23    XL:     10   Next: 3%
Magic:  10/10      EV:  5    Int:  7    God:    Trog [****..]
Gold:   237        SH:  0    Dex: 11    Spells: 9/9 levels left

rFire   + . .      SeeInvis +   y - +0 war axe
rCold   . . .      Faith    .   (no shield)
rNeg    . . .      Spirit   .   w - +0 plate armour
rPois   .          Reflect  .   n - +0 helmet
rElec   .          Harm     .   (no cloak)
rCorr   .          Rampage  .   (no gloves)
Will    .....                   (no barding)
Stlth   ..........              (no amulet)
HPRegen 0.23/turn               (no ring)
MPRegen 0.12/turn               (no ring)

@: mighty, on berserk cooldown, slowed, curled up, very slow
A: large, rugged brown scales 3, see invisible, deformed body, roll 1, armoured
tail, reflexive curl, hooves 1, fire resistance 1
a: Rolling Charge, Renounce Religion, Berserk, Trog's Hand, Brothers in Arms


You were on level 8 of the Dungeon.
You worshipped Trog.
Trog was greatly pleased with you.
You visited 1 branch of the dungeon, and saw 8 of its levels.
You also visited: Sewer.

You collected 433 gold pieces.
You spent 196 gold pieces at shops.

Inventory:

Hand Weapons
 y - a +0 war axe (weapon)
Missiles
 a - a throwing net
 b - 41 bolts
 l - 44 poisoned darts (quivered)
 m - 5 curare-tipped darts
Armour
 n - a +0 helmet (worn)
 w - a +0 plate armour (worn)
Wands
 f - a wand of flame (11)
 q - a wand of digging (10)
 x - a wand of mindburst (7)
 E - a wand of polymorph (8)
Scrolls
 c - 2 scrolls of immolation
 g - 3 scrolls of enchant weapon
 j - a scroll of amnesia {unknown}
 t - a scroll of summoning {unknown}
 v - a scroll of brand weapon {unknown}
 z - a scroll of fear {unknown}
 B - 2 scrolls of fog
 D - a scroll of magic mapping {unknown}
Potions
 e - a potion of might
 i - a potion of brilliance {unknown}
 k - a potion of magic
 o - a potion of curing
 p - 3 potions of resistance
 r - 2 potions of haste {unknown}
 s - 2 potions of ambrosia
 u - a potion of invisibility {unknown}
 A - a potion of attraction
 C - a potion of mutation
Miscellaneous
 h - a piece from Xom's chessboard (15/15)


   Skills:
 + Level 6.6 Fighting
 + Level 9.8 Axes
 + Level 1.1 Throwing
 + Level 7.1 Armour
 + Level 3.0 Dodging
 + Level 1.4 Stealth
 + Level 0.7 Evocations


You had 9 spell levels left.
You didn't know any spells.
Your spell library was empty.

Dungeon Overview and Level Annotations

Branches:
Dungeon (8/15)             Temple (0/1) D:5           Sewer (visited)
   Lair: D:8-11

Altars:
Hepliaklqana
Okawaru
Qazlal
Trog
Xom
Yredelemnul
Zin

Shops:
D:5 *   D:7 *

Annotations:
D:5 1 runed translucent door
D:6 Crazy Yiuf


Innate Abilities, Weirdness & Mutations

You are completely covered in rugged brown scales. (AC +3, +7% HP)
You have supernaturally acute eyesight. (SInv)
Armour fits poorly on your strangely shaped body.
You can roll at nearby foes to attack.
You have a long armoured tail.
You curl defensively after being hit.
You have large cloven feet.
Your flesh is heat resistant. (rF+)


Message History

Trog accepts your kill.
You are no longer berserk.
You are exhausted.
You feel yourself slow down.
The orc warrior hits you with a +0 glaive.
The orc priest hits you but does no damage.
The orc warrior hits you with a +0 glaive!
Items here: ))) [[[ †.
You are too injured to fight recklessly!
You barely miss the orc warrior.
You kick the orc warrior, but do no damage.
You tail-slap the orc warrior!
The orc warrior is moderately wounded.
You hit the orc priest.
The orc priest calls down the wrath of Beogh upon you.
Beogh smites you!
The orc warrior hits you with a +0 glaive.
* * * LOW HITPOINT WARNING * * *
The orc priest mumbles some strange prayers to Beogh against you.
Beogh smites you!
* * * LOW HITPOINT WARNING * * *
You hit the boulder beetle. Your kick misses the boulder beetle.
The boulder beetle is moderately wounded.
You closely miss the orc priest. The orc priest barely misses you.
The orc warrior hits you from afar with a +0 glaive.
* * * LOW HITPOINT WARNING * * *
The boulder beetle barely misses you. The orc priest barely misses you.
You are too injured to fight recklessly!
You are too injured to fight recklessly!
Unknown command.
Okay, then.
It was a potion of might.
You feel very mighty all of a sudden.
The orc priest hits you but does no damage.
The orc warrior hits you but does no damage.
The boulder beetle barely misses you. The orc priest barely misses you.
The orc warrior barely misses you.
The boulder beetle waves its antennae.
The boulder beetle bites you!
You die...

...........≈# ##....####.≈# ...
##....####.≈# ... ##....####.≈#
... ##....####.≈# #^#
...........≈### #.#
....$.?.....'.# #.# ....
....:.......o.########.####.....
...........≈#oB@).........#.....
##....####.≈########....#.#.....
##....####.≈# #......#..≈≈≈
##....####.≈# #......##.≈..
##....####.≈# #.........≈.#
...........†# #....#.#..≈.#
≈≈≈..≈≈≈≈≈≈≈# #......##.≈.#
''######## ###.......≈.#
....##.#..≈.#


You could see a boulder beetle, an orc warrior and an orc priest.

Vanquished Creatures
  Grinder (Sewer)
  A wraith (D:6)
  The ghost of Sabo the Shield-Bearer, an amateur FoFi of Uskayaw (D:4)
  A steam dragon (D:8)
  Edmund (D:5)
  Duvessa (D:6)
  An acid dragon (D:6)
  6 water moccasins
  2 orc warriors (D:8)
  A black bear (D:7)
  A necrophage (Sewer)
  An ogre (D:5)
  2 centaurs
  A phantom (D:5)
  Blork the orc (D:6)
  A kobold brigand (Sewer)
  A bullfrog (D:6)
  A gnoll sergeant (D:5)
  A scorpion (D:6)
  A water moccasin zombie (D:5)
  A wyvern skeleton (D:7)
  Dowan (D:6)
  3 killer bees (D:7)
  6 wights
  2 electric eels (D:8)
  2 howler monkeys (D:8)
  2 centaur zombies
  A jelly (D:5)
  2 hounds
  A bullfrog skeleton (D:6)
  An orc priest (D:4)
  2 gnoll shamans
  2 iguanas (D:5)
  2 orc wizards
  A killer bee zombie (D:8)
  2 howler monkey zombies
  12 gnolls
  3 adders
  4 shadow imps (Sewer)
  8 ufetubi
  An adder zombie (Sewer)
  2 worms (D:4)
  5 dart slugs
  17 orcs
  3 bats
  2 bat zombies (Sewer)
  10 endoplasms
  4 giant cockroaches
  6 hobgoblins
  3 jackals (D:2)
  18 kobolds
  A quokka (D:1)
  6 ball pythons
  4 frilled lizards
  7 goblins
  A goblin skeleton (D:5)
  A jackal skeleton (D:5)
  A kobold zombie (Sewer)
  4 rats
181 creatures vanquished.

Vanquished Creatures (others)
  4 fungi (D:6)
4 creatures vanquished.

Grand Total: 185 creatures vanquished

Notes
Turn   | Place    | Note
-------+----------+-------------------------------------------
     0 | D:1      | lawman0 the Palentonga Berserker began the quest for the
                  | Orb.
     0 | D:1      | Reached XP level 1. HP: 19/19 MP: 1/1
   175 | D:1      | Reached XP level 2. HP: 25/25 MP: 2/2
   824 | D:2      | Reached XP level 3. HP: 31/31 MP: 3/3
   950 | D:2      | Reached ** piety under Trog
  2072 | D:3      | Reached XP level 4. HP: 33/38 MP: 4/4
  2410 | D:4      | Found a hazy altar of Hepliaklqana.
  2410 | D:4      | Found a stormy altar of Qazlal.
  2412 | D:4      | Found a glowing silver altar of Zin.
  2439 | D:4      | Found a glowing drain.
  2451 | Sewer    | Entered a sewer
  2832 | Sewer    | Reached skill level 4 in Axes
  2923 | Sewer    | Reached XP level 5. HP: 37/44 MP: 5/5
  2973 | Sewer    | Found an ancient bone altar of Kikubaaqudgha.
  3010 | Sewer    | Noticed a necrophage
  3027 | Sewer    | Killed a necrophage
  3028 | Sewer    | Reached XP level 6. HP: 51/51 MP: 6/6
  3123 | Sewer    | Noticed Grinder
  3132 | Sewer    | Killed Grinder
  3132 | Sewer    | Reached *** piety under Trog
  3133 | Sewer    | Reached skill level 5 in Axes
  3133 | Sewer    | Reached skill level 1 in Throwing
  3210 | Sewer    | Gained mutation: You curl defensively after being hit.
                  | [Palentonga growth]
  3210 | Sewer    | Reached XP level 7. HP: 57/57 MP: 7/7
  3444 | D:4      | Found a runed translucent door.
  3445 | D:4      | Noticed Sabo's ghost (amateur FoFi)
  3464 | D:4      | Killed Sabo's ghost
  4268 | D:5      | Entered Level 5 of the Dungeon
  4370 | D:5      | Reached skill level 6 in Axes
  4373 | D:5      | Found a runed translucent door.
  4373 | D:5      | Noticed a human
  4443 | D:5      | Found a basalt altar of Yredelemnul.
  4483 | D:5      | Found a staircase to the Ecumenical Temple.
  4483 | D:5      | Noticed Edmund
  4493 | D:5      | Killed Edmund
  4494 | D:5      | Reached XP level 8. HP: 65/65 MP: 8/8
  4612 | D:5      | Reached skill level 5 in Fighting
  4688 | D:5      | Found Lefooly's Gadget Gallery.
  4738 | D:5      | Bought a wand of mindburst (10) for 196 gold pieces
  5019 | D:5      | Reached skill level 7 in Axes
  5223 | D:6      | Reached skill level 5 in Armour
  5229 | D:6      | Gained mutation: Your mind is acute. (Int +2) [potion of
                  | mutation]
  5229 | D:6      | Gained mutation: You are clumsy. (Dex -2) [potion of
                  | mutation]
  5229 | D:6      | Gained mutation: Your spells are a little harder to cast,
                  | but a little more powerful. [potion of mutation]
  5229 | D:6      | Gained mutation: You are partially covered in iridescent
                  | scales. (AC +2) [potion of mutation]
  5239 | D:6      | Lost mutation: Your spells are a little harder to cast, but
                  | a little more powerful. [potion of mutation]
  5239 | D:6      | Lost mutation: You are partially covered in iridescent
                  | scales. (AC +2) [potion of mutation]
  5239 | D:6      | Lost mutation: Your mind is acute. (Int +2) [potion of
                  | mutation]
  5239 | D:6      | Gained mutation: You are covered in fur. (AC +1) [potion of
                  | mutation]
  5240 | D:6      | Lost mutation: You are clumsy. (Dex -2) [potion of
                  | mutation]
  5240 | D:6      | Lost mutation: You are covered in fur. (AC +1) [potion of
                  | mutation]
  5240 | D:6      | Gained mutation: Your flesh is heat resistant. (rF+)
                  | [potion of mutation]
  5240 | D:6      | Gained mutation: You have large cloven feet. [potion of
                  | mutation]
  5528 | D:6      | Noticed Dowan
  5533 | D:6      | Killed Dowan
  5570 | D:6      | Noticed Duvessa
  5576 | D:6      | Killed Duvessa
  5700 | D:6      | Reached **** piety under Trog
  5811 | D:6      | Identified the +5 whip of the Sneaky Tables {antimagic,
                  | Int+3}
  5871 | D:6      | Reached skill level 8 in Axes
  5871 | D:6      | Reached XP level 9. HP: 66/73 MP: 9/9
  6176 | D:6      | Noticed Blork the orc
  6184 | D:6      | Killed Blork the orc
  6734 | D:6      | Found a runed translucent door.
  6735 | D:6      | Noticed Crazy Yiuf
  7151 | D:7      | Found a shimmering altar of Xom.
  7530 | D:7      | Found Kennuivy's Serpentskin Sales.
  7535 | D:7      | Reached skill level 9 in Axes
  8232 | D:8      | Found an iron altar of Okawaru.
  8323 | D:8      | Reached skill level 1 in Stealth
  8529 | D:8      | Found a bloodstained altar of Trog.
  8777 | D:8      | Noticed a boulder beetle
  8800 | D:8      | Reached XP level 10. HP: 82/82 MP: 10/10
  8810 | D:8      | Mangled by a boulder beetle

Illustrated notes

Levels and vault maps discovered:
D:1:      heliophobic_arrival_dark_side_of_the_moon, layout_basic
D:2:      layout_rooms
D:3:      layout_basic, grunt_ministairs_3, chequers_big_river
D:4:      layout_gridville, nicolae_overflow_hidden_temple,
          cheibrodos_sewer_entry_drain, gammafunk_ghost_grave
D:5:      layout_rooms, dk_yredelemnul_ordeal,
          minmay_temple_entry_drinking_statues, nicolae_shop_gadgets,
          uniq_edmund, uniq_grinder
D:6:      layout_loops_ring, uniq_blork_the_orc, uniq_duvessa,
          uniq_crazy_yiuf_cottage
D:7:      layout_gridville, xom_butterflies, guppyfry_shop_venom
D:8:      nzn_winding_woodlands_three_and_one [nzn_winding_woodlands_5x15_cabin,
          nzn_winding_woodlands_5x15_longhouse,
          nzn_winding_woodlands_5x15_concentric,
          nzn_winding_woodlands_center_pierced_h], layout_loops_cross,
          okawaru_trees_1, mainiacjoe_overflow_brackets, kennysheep_nub,
          kennysheep_dice

Skill      XL: |  1  2  3  4  5  6  7  8  9 |
---------------+----------------------------+-----
Armour         | 2 3 4 5 7 |  7.1
Axes           | 4 5 6 8 9 |  9.8
Dodging        | 2 3 |  3.0
Fighting       | 4 5 6 |  6.6
Throwing       | 1 |  1.1
Stealth        | 1 |  1.4
Evocations     | |  0.7

Action                   |  1- 3 |  4- 6 |  7- 9 | 10-12 || total
-------------------------+-------+-------+-------+-------++-------
Melee: Hand axe          |    96 |    72 |   111 |       ||   279
       Tailslap          |    13 |     9 |    39 |     1 ||    62
       War axe           |       |       |   201 |     8 ||   209
       Kick              |       |       |    49 |     3 ||    52
Throw: Dart              |       |    10 |       |       ||    10
Invok: Berserk           |     5 |     7 |    19 |       ||    31
 Abil: Rolling Charge    |       |     1 |       |       ||     1
Evoke: Wand              |       |       |    10 |       ||    10
  Use: Scroll            |       |     4 |     6 |       ||    10
       Potion            |       |       |     6 |     1 ||     7
Armor: Leather armour    |     4 |       |       |       ||     4
       Ring mail         |    40 |    42 |    14 |       ||    96
       Plate armour      |       |       |   214 |     4 ||   218
Dodge: Dodged            |    52 |    50 |    93 |     6 ||   201

Table legend: (Time is in decaauts)
 A = Elapsed time spent in this place.
 B = Non-inter-level travel time spent in this place.
 C = Inter-level travel time spent in this place.
 D = Time resting spent in this place.
 E = Time spent auto-exploring this place.
 F = Levels seen in this place.
 G = Mean time per level.
                   A        B        C        D        E       F      G
               +--------+--------+--------+--------+--------+-----+--------+
         Total |   9132 |   8913 |    219 |   1621 |   5832 |   9 | 1014.7 |
       Dungeon |   8160 |   7941 |    219 |   1368 |   5314 |   8 | 1020.0 |
         Sewer |    972 |    972 |      0 |    253 |    517 |   1 |  972.0 |
               +--------+--------+--------+--------+--------+-----+--------+

Top non-repeatable levels by time:
     D:6: 1988 daAuts
     D:3: 1106 daAuts
     D:7: 1091 daAuts
     D:4: 1032 daAuts
     D:5: 980 daAuts
   Sewer: 972 daAuts
     D:1: 797 daAuts
     D:8: 630 daAuts
     D:2: 532 daAuts
